 Dungeon Crawl Stone Soup version 0.21-a0-538-gd16b88a (webtiles) character file.

93 slep the Ducker (level 4, -1/34 HPs)
             Began as a Merfolk Gladiator on Dec 15, 2017.
             Killed by divine providence
             ... invoked by an orc priest
              (11 damage)
             ... on level 2 of the Dungeon.
             The game lasted 00:04:11 (1241 turns).

slep the Ducker (Merfolk Gladiator)                 Turns: 1241, Time: 00:04:12

Health: -1/34      AC:  4    Str: 14    XL:     4   Next: 61%
Magic:  4/4        EV: 14    Int:  7    God:
Gold:   153        SH:  0    Dex: 16    Spells: 3/3 levels left

rFire    . . .     SeeInvis .   a - +0 war axe
rCold    . . .     Gourm    .   (no shield)
rNeg     . . .     Faith    .   b - +0 leather armour
rPois    .         Spirit   .   c - +0 helmet
rElec    .         Reflect  .   (no cloak)
rCorr    .         Harm     .   (no gloves)
MR       .....                  (no boots)
Stlth    +.........             (no amulet)
HPRegen  0.11/turn              (no ring)
MPRegen  0.09/turn              (no ring)

@: no status effects
A: change form in water, swift swim, stealthy swim
a: no special abilities


You were on level 2 of the Dungeon.
You were not hungry.

You visited 1 branch of the dungeon, and saw 2 of its levels.

You collected 153 gold pieces.

Inventory:

Hand Weapons
 a - a +0 war axe (weapon)
Missiles
 d - 4 throwing nets (quivered)
Armour
 b - a +0 leather armour (worn)
 c - a +0 helmet (worn)
Jewellery
 j - a cursed ring of teleportation {unknown}
Scrolls
 e - a scroll of magic mapping {unknown}
 h - 2 scrolls of teleportation {unknown}
 l - a scroll of random uselessness {unknown}
 m - a scroll of blinking {unknown}
Potions
 i - a potion of heal wounds {unknown}
 o - a potion of curing {unknown}
 p - a potion of magic {unknown}
Comestibles
 f - a bread ration
 g - 2 royal jellies
 k - 3 meat rations
 n - 4 chunks of flesh


   Skills:
 + Level 2.5 Fighting
 + Level 3.5 Axes
 + Level 2.2 Throwing
 + Level 1.0 Armour
 + Level 4.5 Dodging
 + Level 0.1 Stealth


You had 3 spell levels left.
You didn't know any spells.

Dungeon Overview and Level Annotations

Branches:
Dungeon (2/15)

Altars:
Makhleb


Message History

You barely miss the hobgoblin.
The hobgoblin hits you but does no damage.
You slash the hobgoblin!
You kill the hobgoblin!
You closely miss the orc. The orc hits you but does no damage.
The orc barely misses you. x2
You slash the orc!
You kill the orc!
You hit the orc but do no damage. The orc barely misses you.
You closely miss the orc. You slash the orc!
You kill the orc!
You slash the orc!
You kill the orc!
The orc priest barely misses you.
Things that are here:
a leather armour; a club; an orc corpse You barely miss the orc priest.
The orc priest invokes the aid of Beogh against you.
Beogh smites you!
You die...

#.#.##o....##.#.# #######.###
#.#.#.......#.#.# #..........
#...#.#...#.#.#.###.#####.###
###.#.......#.#..#...####.#
#.#.......#......#......#
#.#.... ..#.#.(....######
#.#.#...#.#.#...#.##
#.#......o#)#...#.##
#.........@).......#######
#####...##.[.............##
#. ...................
######..)########.## #...#
#.# #...########.#
##........##.##
########.##... #.#####


You could see an orc priest.

Vanquished Creatures
  An orc priest (D:2)
  3 worms (D:2)
  3 leopard geckos
  5 orcs (D:2)
  4 bats
  A giant cockroach (D:2)
  4 goblins
  6 hobgoblins
  10 kobolds
  A ball python (D:2)
  3 frilled lizards (D:2)
  6 rats
47 creatures vanquished.

Notes
Turn   | Place    | Note
-------+----------+-------------------------------------------
     0 | D:1      | slep the Merfolk Gladiator began the quest for the Orb.
     0 | D:1      | Reached XP level 1. HP: 16/16 MP: 1/1
   185 | D:1      | Reached XP level 2. HP: 13/22 MP: 2/2
   713 | D:2      | Reached XP level 3. HP: 22/27 MP: 3/3
  1027 | D:2      | Found a burning altar of Makhleb.
  1227 | D:2      | Reached skill level 1 in Armour
  1227 | D:2      | Reached XP level 4. HP: 8/34 MP: 4/4
  1241 | D:2      | Killed from afar by an orc priest

Vault maps used:
D:1:      nzn_arrival_water_spiral
D:2:      cheibrodos_pilgrimage, bloody_makhleb

Skill      XL: |  1  2  3 |
---------------+----------+-----
Axes           | 3 |  3.5
Armour         | 1 |  1.0
Fighting       | |  2.5
Throwing       | |  2.2
Dodging        | |  4.5
Stealth        | |  0.1

Action                   |  1- 3 |  4- 6 || total
-------------------------+-------+-------++-------
Melee: War axe           |   110 |     9 ||   119
 Stab: Sleeping          |     1 |       ||     1
  Eat: Chunk             |     1 |       ||     1
Armor: Leather armour    |    36 |     1 ||    37
Dodge: Dodged            |    89 |     9 ||    98

Table legend:
 A = Spawn XP
 B = Non-spawn XP
 C = Spawn XP percentage of total XP
 D = Spawn monster count
 E = Non-spawn monster count
 F = Spawn count percentage of total count
 G = Total turns spent on level
                    A         B        C        D         E        F      G
               +---------+---------+-------+---------+---------+-------+---------
         Total |       0 |     133 |   0.0 |       0 |      47 |   0.0 |  1241
               +---------+---------+-------+---------+---------+-------+---------
           D:1 |       0 |      31 |   0.0 |       0 |      18 |   0.0 |   656
           D:2 |       0 |     102 |   0.0 |       0 |      29 |   0.0 |   585
               +---------+---------+-------+---------+---------+-------+---------
